Map: Rainfall LE

Players

Arcurus

  • Race: Protoss Protoss
  • League: Bronze
  • Spawn Location: 11:00

Margaux - Winner!

  • Race: Protoss Protoss
  • League: Silver
  • Spawn Location: 5:00

VOD

Have the link to the VOD?

Description

just a random game

Time

  • Played on: June 26, 2026, 5:21 a.m.
  • Length: 9:27
Show
View Real Time Build Order
Export as new Build Order

Arcurus Protoss 

Build Orders:  

Get SALT Encoding   

  8  0:01  Probe  
  9  0:13  Probe  
  10  0:25  Pylon  
  10  0:29  Probe  
  11  0:42  Probe  
  12  0:52  Gateway  
  12  0:59  Probe  
  13  1:10  Forge  
  13  1:18  Probe  
  14  1:26  Pylon  
  14  1:34  Probe  
  15  1:40  Zealot  
  17  1:47  Assimilator  
  17  1:50  Probe (Chrono Boost)  
  18  2:00  Probe (Chrono Boost)  
  19  2:07  Pylon  
  19  2:09  Zealot  
  19  2:12  Probe (Chrono Boost)  
  23  2:23  Probe (Chrono Boost)  
  23  2:27  Probe (Chrono Boost)  
  23  2:29  Gateway  
  24  2:38  Assimilator  
  24  2:45  Zealot  
  26  2:52  Pylon  
  26  3:00  Probe (Chrono Boost)  
  27  3:10  Probe (Chrono Boost)  
  27  3:11  Cybernetics Core  
  28  3:13  Protoss Ground Weapons Level 1  
  28  3:15  Probe (Chrono Boost)  
  29  3:20  Zealot  
  29  3:23  Zealot  
  33  3:51  Nexus  
  33  3:56  Sentry  
  33  4:01  Stalker  
  37  4:15  Twilight Council  
  37  4:24  Pylon  
  37  4:28  Pylon  
  37  4:37  Zealot  
  39  4:40  Pylon, Sentry  
  41  5:04  Probe (Chrono Boost)  
  44  5:15  Probe x2 (Chrono Boost)  
  44  5:19  Probe (Chrono Boost)  
  44  5:20  Photon Cannon  
  44  5:22  Probe  
  46  5:31  Probe  
  46  5:34  Probe  
  48  5:37  Stargate  
  48  5:42  Gateway  
  48  5:43  Probe  
  48  5:45  Protoss Shields Level 1  
  48  5:46  Probe  
  50  6:02  Photon Cannon  
  50  6:06  Stalker  
  50  6:07  Stalker  
  54  6:15  Warp Gate  
  54  6:21  Charge  
  54  6:33  Stalker, Zealot  
  54  6:34  Stalker  
  60  6:45  Probe (Chrono Boost)  
  61  6:52  Probe (Chrono Boost)  
  62  6:56  Probe (Chrono Boost)  
  62  6:59  Assimilator  
  63  7:01  Probe (Chrono Boost)  
  63  7:05  Assimilator  
  63  7:08  Photon Cannon  
  64  7:11  Probe  
  64  7:13  Stalker x2  
  64  7:14  Sentry  
  71  7:23  Probe  
  72  7:30  Void Ray  
  76  7:42  Probe (Chrono Boost)  
  78  7:52  Probe (Chrono Boost)  
  78  7:57  Probe (Chrono Boost)  
  79  8:08  Probe  
  80  8:26  Nexus  
  80  8:30  Zealot  
  82  8:36  Pylon  
  82  8:38  Fleet Beacon  
  82  8:41  Pylon  
  59  9:19  Stalker  
  59  9:20  Stalker x2  
Show
View Real Time Build Order
Export as new Build Order

Margaux Protoss - Winner!

Build Orders:  

Get SALT Encoding   

  8  0:22  Pylon  
  8  0:23  Probe (Chrono Boost)  
  9  0:34  Probe (Chrono Boost)  
  10  0:36  Assimilator  
  10  0:55  Probe, Gateway  
  11  1:22  Probe (Chrono Boost)  
  12  1:32  Assimilator, Probe (Chrono Boost)  
  13  1:37  Probe (Chrono Boost)  
  14  1:48  Probe  
  15  1:54  Cybernetics Core  
  15  2:00  Probe  
  16  2:13  Probe (Chrono Boost)  
  18  2:23  Probe (Chrono Boost)  
  18  2:28  Probe (Chrono Boost)  
  18  2:35  Stargate  
  19  2:43  Pylon  
  19  2:46  Probe  
  20  2:58  Probe  
  21  3:10  Probe (Chrono Boost)  
  22  3:17  Pylon  
  22  3:22  Probe (Chrono Boost)  
  23  3:28  Probe (Chrono Boost)  
  24  3:36  Void Ray  
  28  4:01  Nexus  
  28  4:06  Probe  
  29  4:19  Probe  
  30  4:24  Pylon  
  30  4:29  Protoss Air Weapons Level 1  
  30  4:31  Probe  
  31  4:38  Void Ray  
  31  4:45  Probe (Chrono Boost)  
  36  4:56  Probe (Chrono Boost)  
  37  5:01  Probe (Chrono Boost)  
  37  5:03  Robotics Facility  
  38  5:11  Probe  
  38  5:14  Assimilator, Probe  
  40  5:24  Probe  
  40  5:26  Probe  
  42  5:31  Void Ray (Chrono Boost)  
  46  5:38  Stargate  
  46  5:40  Probe x2  
  48  5:52  Probe x2  
  48  5:54  Observer  
  48  5:55  Pylon  
  51  5:57  Pylon  
  51  6:01  Probe  
  51  6:06  Probe  
  51  6:10  Probe  
  51  6:11  Void Ray (Chrono Boost), Observer  
  57  6:14  Assimilator  
  57  6:18  Probe  
  60  6:20  Probe  
  60  6:21  Pylon  
  61  6:30  Probe  
  61  6:32  Probe, Void Ray  
  67  6:59  Void Ray, Protoss Air Armor Level 1 (Chrono Boost)  
  71  7:05  Nexus  
  71  7:08  Pylon  
  71  7:10  Pylon  
  71  7:17  Fleet Beacon  
  71  7:25  Probe x2, Void Ray  
  73  7:32  Void Ray  
  77  7:37  Probe (Chrono Boost)  
  77  7:38  Probe (Chrono Boost)  
  83  7:49  Probe (Chrono Boost)  
  85  7:55  Probe (Chrono Boost), Assimilator  
  85  7:56  Probe (Chrono Boost)  
  86  8:01  Probe  
  86  8:03  Probe  
  88  8:06  Pylon  
  88  8:09  Assimilator  
  88  8:11  Pylon  
  88  8:13  Pylon, Probe  
  88  8:14  Flux Vanes  
  88  8:15  Probe  
  88  8:18  Stargate  
  90  8:25  Probe  
  91  8:28  Void Ray  
  95  8:39  Probe  
  95  8:40  Probe x2  
  98  8:52  Probe x2  
  98  8:53  Probe  
  101  9:04  Probe x2  
  101  9:05  Probe  
Tags
 
Matchup
PvP
Spawn Locations
Cross Positions
Add a new tag
Caveats
  • Supply blocks, unpowered buildings, or Contaminate may cause inaccurate times.
  • Supply counts are checked every 10 seconds.